 Dungeon Crawl Stone Soup version 0.29.1-15-g9cfb28693d (webtiles) character file.

Game seed: 16123359201514506392

7009 hawla the Thaumaturge (level 11, -8/81 HPs)
             Began as a Meteoran Ice Elementalist on Feb 28, 2023.
             Mangled by a komodo dragon (26 damage)
             ... on level 1 of the Lair of Beasts.
             The game lasted 00:26:00 (4552 turns).

hawla the Thaumaturge (Meteoran Ice Elementalist)   Turns: 4552, Time: 00:26:01

Health: -8/81      AC:  6    Str: 10    XL:     11   Next: 53%
Magic:  23/28      EV: 14    Int: 21    God:
Gold:   615        SH:  0    Dex: 15    Spells: 27/35 levels left

rFire   + . .      SeeInvis .   p - +2 double sword (flame)
rCold   + . .      Faith    .   (no shield)
rNeg    + . .      Spirit   .   a - +0 robe
rPois   .          Reflect  .   (helmet restricted)
rElec   .          Harm     .   (no cloak)
rCorr   .          Rampage  .   (no gloves)
Will    +....                   b - +3 pair of mountain boots {steadfast, rC+}
Stlth   +.........              c - amulet of magic regeneration
HPRegen 1.03/turn               n - ring of protection from fire
MPRegen 0.61/turn               m - ring of positive energy

@: very slightly contaminated, glowing
A: sense surroundings 2, otherworldly, glowing, explore regen, antennae 2,
regeneration 1
a: no special abilities


You were on level 1 of the Lair of Beasts.
You visited 3 branches of the dungeon, and saw 11 of its levels.
You also visited: Bailey.

You collected 615 gold pieces.

Inventory:

Hand Weapons
 p - a +2 double sword of flaming (weapon)
 s - the +8 battleaxe "Ennaxa" {vamp, Str+6}
   (You found it on level 1 of the Lair of Beasts)

   It occasionally heals its wielder for a portion of the damage dealt when it
   wounds a living foe.
   Str:       It affects your strength (+6).
Armour
 a - a +0 robe (worn)
 b - the +3 pair of mountain boots (worn) {steadfast, rC+}
   (You acquired it on level 7 of the Dungeon)

   It prevents involuntary movement, except for blinking, teleportation, or
   banishment.
   rC:        It protects you from cold.
Jewellery
 c - an amulet of magic regeneration (around neck)
 m - a ring of positive energy (right hand)
 n - a ring of protection from fire (left hand)
Wands
 h - a wand of polymorph (6)
 j - a wand of iceblast (4)
 o - a wand of flame (8) (quivered)
Scrolls
 i - a scroll of summoning {unknown}
 l - 2 scrolls of amnesia
 q - 2 scrolls of identify
Potions
 d - a potion of flight {unknown}
 e - 6 potions of curing {unknown}
 f - a potion of haste
 g - a potion of cancellation
 k - a potion of magic
 r - 2 potions of heal wounds


   Skills:
 + Level 2.9 Fighting
 + Level 1.2 Long Blades
 + Level 4.8 Dodging
 - Level 1.4 Stealth
 + Level 12.6 Spellcasting
 + Level 8.7 Conjurations
 + Level 11.1 Ice Magic
 + Level 3.0 Evocations


You had 27 spell levels left.
You knew the following spells:

 Your Spells              Type           Power      Damage    Failure   Level
a - Freeze                Ice            100%       1d11      1%          1
b - Frozen Ramparts       Ice            100%       1d16      1%          3
c - Hailstorm             Conj/Ice       53%        3d12      1%          4

Your spell library contained the following spells:

 Spells                   Type           Power      Damage    Failure   Level
 Ensorcelled Hibernation  Hex/Ice        72%        N/A       1%          2
 Ozocubu's Armour         Ice            56%        N/A       1%          3
 Summon Ice Beast         Ice/Summ       36%        N/A       4%          4
 Poisonous Vapours        Pois/Air       26%        N/A       8%          2
 Portal Projectile        Hex/Tloc       26%        N/A       16%         3
 Tukima's Dance           Hex            13%        N/A       16%         3
 Corpse Rot               Necr/Pois/Air  13%        N/A       45%         4
 Simulacrum               Ice/Necr       18%        N/A       61%         6
 Blade Hands              Tmut           6%         N/A       80%         5
 Manifold Assault         Tloc           13%        N/A       80%         5


Dungeon Overview and Level Annotations

Branches:
Dungeon (9/15) Zot: 1397   Temple (1/1) D:6 Zot: 345    Lair (1/5) D:9 Zot: 456
 Bailey (visited)
    Orc: D:9-12

Altars:
Ashenzari
Cheibriados
Dithmenos
Fedhas
Gozag
Kikubaaqudgha
Makhleb
Nemelex Xobeh
Okawaru
Qazlal
Ru
Sif Muna
Trog
Uskayaw
Wu Jian
Zin
The Shining One

Annotations:
D:3 Pargi


Innate Abilities, Weirdness & Mutations

You passively map the area around you.
You are easily found by Zot.
You glow in the dark.
You regain HP and MP as you explore.
You have a pair of antennae on your head.
Your natural rate of healing is unusually fast.


Message History

q - 2 scrolls of identify (gained 1)
You now have 615 gold pieces (gained 13).
A komodo dragon comes into view.
The komodo dragon hisses angrily.
Found a robe.
You see here the +8 battleaxe "Ennaxa" {vamp, Str+6}.
s - the +8 battleaxe "Ennaxa" {vamp, Str+6}
Casting: Freeze (safe; 1% risk of failure)
Confirm with . or Enter, or press ? or * to list all spells.
Casting: Hailstorm (mildly dangerous; 1% risk of failure)
Press: ? - help, Dir - look around, f - activate You miscast Hailstorm.
You are very lightly contaminated with residual magic.
Nothing appears to happen.
Casting: Hailstorm (mildly dangerous; 1% risk of failure)
Confirm with . or Enter, or press ? or * to list all spells.
Casting: Hailstorm (mildly dangerous; 1% risk of failure)
Press: ? - help, Dir - look around, f - activate A cannonade of hail descends around you!
The hail pelts the komodo dragon!
The komodo dragon is moderately wounded.
You hit the komodo dragon but do no damage.
The komodo dragon is moderately wounded.
The komodo dragon bites you!! The komodo dragon bites you.
You slash the komodo dragon! You burn the komodo dragon.
The komodo dragon is severely wounded.
The komodo dragon misses you.
You hit the komodo dragon. You burn the komodo dragon.
The komodo dragon is severely wounded.
The komodo dragon bites you! The komodo dragon bites you!!
* * * LOW HITPOINT WARNING * * *
Casting: Hailstorm (mildly dangerous; 1% risk of failure)
Confirm with . or Enter, or press ? or * to list all spells.
Aiming: Freeze (safe; 1% risk of failure)
Press: ? - help, Shift-Dir - straight line, f - komodo dragon
Aim: a komodo dragon (severely wounded)
You freeze the komodo dragon.
The komodo dragon is almost dead.
The komodo dragon bites you!!
You die...

,, * ,,, , , ,, * ##..
* ,, .............##
#... * ..............##
##.## ,,
,[..............## #..
# , ,
...............####.###
, ,
*#..............##.....
, , * *
#..............#..##. ,
#.l.........#..###. * *
#@........##..# #.
##...######..## ## *
###...#.#...#
#.........#####
*#..............
#.....#.........
#...............
#........####...#
#.......## #...


You could see a komodo dragon.

Vanquished Creatures
  An orc knight (Bailey)
  Maggie (D:7)
  A cane toad (Lair:1)
  Prince Ribbit (D:6)
  A hornet (D:9)
  A wraith (D:7)
  3 wyverns
  A yak (D:8)
  A steam dragon (D:8)
  Grum (Lair:1)
  2 wargs (D:9)
  A water moccasin (Lair:1)
  2 orc warriors
  3 black bears
  2 centaurs (D:8)
  A phantom (D:7)
  3 wolves (Lair:1)
  7 kobold brigands
  3 bullfrogs
  5 scorpions
  2 necrophages
  3 wights (D:8)
  19 killer bees
  6 howler monkeys
  A hound (D:5)
  3 jellies
  9 orc priests
  2 gnoll boudas (D:6)
  7 iguanas
  8 orc wizards
  11 gnolls
  2 adders
  A white imp (D:6)
  4 worms
  A dart slug (D:2)
  27 orcs
  3 endoplasms (D:4)
  A giant cockroach (D:4)
  2 hobgoblins
  4 jackals (D:2)
  20 kobolds
  A quokka (D:2)
  2 ball pythons
  4 bats (D:2)
  A rat (D:1)
185 creatures vanquished.

Vanquished Creatures (others)
  8 plants
8 creatures vanquished.

Grand Total: 193 creatures vanquished

Notes
Turn   | Place    | Note
-------+----------+-------------------------------------------
     0 | D:1      | hawla the Meteoran Ice Elementalist began the quest for the
                  | Orb.
     0 | D:1      | Reached XP level 1. HP: 14/14 MP: 5/5
    84 | D:2      | Reached XP level 2. HP: 11/20 MP: 0/6
   166 | D:3      | Noticed Pargi
   179 | D:2      | Reached skill level 3 in Spellcasting
   260 | D:2      | Reached XP level 3. HP: 16/26 MP: 4/8
   264 | D:2      | Learned a level 3 spell: Frozen Ramparts
   387 | D:4      | Found an opulent altar of Gozag.
   396 | D:4      | Got the Tractate on the Geometric Glacier
   431 | D:4      | Reached skill level 5 in Ice Magic
   534 | D:4      | Noticed a black bear
   542 | D:4      | Killed a black bear
   543 | D:4      | Reached skill level 4 in Spellcasting
   543 | D:4      | Reached XP level 4. HP: 16/33 MP: 1/11
   543 | D:4      | Reached XP level 5. HP: 18/38 MP: 1/12
   593 | D:4      | Reached skill level 5 in Spellcasting
   593 | D:4      | Reached XP level 6. HP: 37/45 MP: 6/14
  1022 | D:5      | Entered Level 5 of the Dungeon
  1141 | D:5      | Reached XP level 7. HP: 40/50 MP: 10/16
  1203 | D:5      | Reached skill level 6 in Spellcasting
  1218 | D:5      | Reached skill level 7 in Spellcasting
  1222 | D:5      | Reached XP level 8. HP: 32/58 MP: 3/19
  1392 | D:5      | Identified the +2 leather armour of the Beggar {Harm Fly
                  | Regen+ Int-2}
  1487 | D:5      | Learned a level 4 spell: Hailstorm
  1516 | D:5      | Reached skill level 1 in Conjurations
  1798 | D:6      | Reached skill level 5 in Conjurations
  1822 | D:6      | Noticed Prince Ribbit
  1854 | D:6      | Killed Prince Ribbit
  1855 | D:6      | Gained mutation: You passively map the area around you.
                  | [Meteoran growth]
  1855 | D:6      | Reached XP level 9. HP: 46/63 MP: 12/20
  1970 | D:6      | Found a shadowy altar of Dithmenos.
  2053 | D:6      | Found a staircase to the Ecumenical Temple.
  2058 | Temple   | Entered the Ecumenical Temple
  2702 | D:7      | Reached skill level 1 in Fighting
  2705 | D:7      | Gained mutation: Your natural rate of healing is unusually
                  | fast. [potion of mutation]
  2705 | D:7      | Gained mutation: You have a pair of small antennae on your
                  | head. [potion of mutation]
  2705 | D:7      | Gained mutation: You have a pair of antennae on your head.
                  | [potion of mutation]
  2710 | D:7      | Identified a scroll of acquirement
  2710 | D:7      | Acquired the +3 pair of mountain boots {steadfast, rC+}
  2710 | D:7      | Found the +3 pair of mountain boots {steadfast, rC+}
  2757 | D:7      | Reached skill level 8 in Spellcasting
  2774 | D:7      | Noticed Maggie
  2783 | D:7      | Killed Maggie
  2788 | D:7      | Acquired an amulet of magic regeneration
  2849 | D:7      | Found a flagged portal.
  2913 | Bailey   | Entered a bailey
  2946 | Bailey   | Reached XP level 10. HP: 6/72 MP: 4/23
  3015 | Bailey   | Reached skill level 9 in Spellcasting
  3024 | Bailey   | Noticed an orc knight
  3033 | Bailey   | Killed an orc knight
  3035 | Bailey   | Found a burning altar of Makhleb.
  3095 | D:7      | Reached skill level 10 in Spellcasting
  3462 | D:8      | Found a blossoming altar of Fedhas.
  3600 | D:8      | Reached skill level 10 in Ice Magic
  3670 | D:8      | Reached skill level 11 in Spellcasting
  3747 | D:8      | Reached XP level 11. HP: 29/77 MP: 22/27
  3986 | D:8      | Acquired a +2 double sword of flaming
  4050 | D:9      | Found a staircase to the Lair.
  4106 | D:9      | Reached skill level 12 in Spellcasting
  4151 | D:9      | Reached skill level 1 in Long Blades
  4279 | D:9      | Found a burning altar of Makhleb.
  4411 | Lair:1   | Entered Level 1 of the Lair of Beasts
  4419 | Lair:1   | Noticed Grum
  4424 | Lair:1   | Killed Grum
  4545 | Lair:1   | Identified the +8 battleaxe "Ennaxa" {vamp, Str+6}
  4552 | Lair:1   | Mangled by a komodo dragon

Illustrated notes

Levels and vault maps discovered:
D:1:      dpeg_arrival_tiny_c, layout_loops_ring, serial_shops, shop, shop,
          nicolae_shop_trees, shop, nicolae_diamond_shop, serial_forest,
          infiniplex_forest_clump_medium, infiniplex_forest_clump_long,
          infiniplex_forest_straight_2, infiniplex_forest_clump_C,
          infiniplex_forest_lined_room_, infiniplex_forest_end_2,
          infiniplex_forest_lined_3, infiniplex_forest_end_2,
          shapermc_ecumenical_altar_notcrosses, amcnicky_mini_pool_small,
          minmay_tripent
D:2:      layout_basic
D:3:      layout_basic, nicolae_elyvilon_temple_path, serial_shops, shop,
          nicolae_shop_stone, shop_fountains, ebering_ghost_disaster_area,
          uniq_pargi
D:4:      layout_gridville, grunt_gozag_statues
D:5:      layout_loops_ring, kennysheep_generic_room_3
D:6:      layout_loops_ring, nicolae_dithmenos_the_darkroom,
          minmay_temple_entry_gardened_gates, uniq_prince_ribbit1, uniq_duvessa
D:7:      layout_rooms, enter_bailey_2, dreamdust_princess_bridge, uniq_maggie
D:8:      minmay_angry_zag, layout_rooms, mainiacjoe_overflow_boulevard
D:9:      layout_rooms, mainiacjoe_overflow_brackets, erik_lair_orcish_takeover
Temple:   compressed_dpeg_triangle_lava_temple
Lair:1:   layout_cave_pods, uniq_grum, uniq_joseph

Skill      XL: |  1  2  3  4  5  6  7  8  9 10 11 |
---------------+----------------------------------+-----
Spellcasting   | 3 4 5 7 8 11 12 | 12.6
Ice Magic      | 5 6 7 8 10 11 | 11.1
Dodging        | 3 4 |  4.8
Conjurations   | 6 7 8 |  8.7
Evocations     | 3 |  3.0
Fighting       | 1 2 |  2.9
Long Blades    | 1 |  1.2
Stealth        | |  1.4

Action                   |  1- 3 |  4- 6 |  7- 9 | 10-12 || total
-------------------------+-------+-------+-------+-------++-------
Melee: Unarmed           |    11 |     1 |    40 |     2 ||    54
       Double sword      |       |       |       |     9 ||     9
 Cast: Freeze            |    41 |    14 |    56 |    77 ||   188
       Frozen Ramparts   |     4 |    10 |    27 |    17 ||    58
       Hailstorm         |       |       |    23 |    37 ||    60
  Use: Potion            |     1 |       |     2 |     4 ||     7
       Scroll            |       |       |    11 |     4 ||    15
Armor: Robe              |    11 |       |    17 |    41 ||    69
Dodge: Dodged            |    17 |     4 |    55 |    82 ||   158
